Map: [ESL] Goldenaura

Players

Solar

  • Race: Zerg Zerg
  • Spawn Location: 5:00

HeroMarine - Winner!

  • Race: Terran Terran
  • Spawn Location: 12:00

Event: IEM Katowice 2024

VOD

Have the link to the VOD?

Description

Time

  • Played on: Feb. 9, 2024, 6:58 a.m.
  • Length: 13:45

All games in this series

Show
View Real Time Build Order
Export as new Build Order

Solar Zerg 

Build Orders: Hatch First 

Get SALT Encoding   

  12  0:00  Drone  
  13  0:12  Overlord  
  13  0:16  Drone  
  14  0:30  Drone x2  
  16  0:47  Hatchery  
  15  0:51  Drone  
  15  0:54  Drone  
  17  0:57  Drone  
  18  1:08  Extractor  
  17  1:13  Spawning Pool  
  17  1:16  Drone  
  17  1:19  Drone  
  18  1:28  Drone  
  19  1:38  Drone  
  20  1:51  Drone  
  21  1:59  Queen x2  
  25  2:03  Zergling x2  
  25  2:05  Zergling x2  
  27  2:10  Overlord  
  27  2:12  Drone  
  28  2:21  Hatchery  
  27  2:25  Drone  
  28  2:35  Queen  
  28  2:37  Drone  
  31  2:39  Drone  
  32  2:44  Metabolic Boost  
  32  2:50  Overlord  
  32  2:52  Drone x2  
  32  2:56  Drone x2  
  36  3:10  Drone x5  
  41  3:15  Queen  
  41  3:18  Overlord  
  43  3:20  Drone  
  44  3:32  Queen  
  44  3:33  Queen  
  48  3:36  Drone x3  
  48  3:38  Drone  
  52  3:43  Drone x3  
  52  3:46  Drone  
  56  3:48  Drone x2  
  56  3:52  Overlord  
  56  3:55  Overlord  
  58  3:58  Overlord  
  58  4:08  Overlord  
  58  4:11  Drone x5  
  58  4:13  Queen  
  58  4:16  Drone  
  66  4:18  Queen  
  66  4:20  Drone x3  
  66  4:22  Zergling x4  
  73  4:26  Zergling x4  
  73  4:29  Lair  
  75  4:32  Drone x3  
  75  4:35  Spore Crawler  
  77  4:38  Spore Crawler, Overlord  
  77  4:41  Extractor  
  77  4:42  Drone x2  
  76  4:47  Drone x4  
  80  4:53  Extractor x2, Spore Crawler  
  80  4:55  Zergling x4  
  80  4:57  Roach Warren, Overlord  
  80  4:58  Drone  
  79  5:01  Drone x3  
  79  5:03  Extractor  
  79  5:04  Drone x2  
  79  5:06  Extractor  
  79  5:07  Overlord  
  82  5:10  Drone  
  83  5:15  Drone  
  83  5:16  Drone  
  83  5:21  Drone x4  
  88  5:24  Overlord  
  88  5:27  Drone x2  
  90  5:32  Overseer  
  90  5:33  Hydralisk Den  
  90  5:34  Drone  
  88  5:37  Roach x3  
  88  5:38  Overseer  
  88  5:40  Glial Reconstitution  
  88  5:41  Hatchery  
  88  5:42  Overlord  
  93  5:47  Roach x2  
  97  5:50  Roach x2  
  97  5:53  Hatchery  
  97  5:55  Zergling x2  
  97  5:56  Zergling x6  
  97  6:08  Drone x3  
  98  6:12  Drone, Overlord  
  98  6:14  Drone, Hatchery  
  98  6:16  Grooved Spines  
  98  6:19  Drone x2  
  98  6:24  Overlord x2  
  100  6:29  Hydralisk x2  
  100  6:32  Hydralisk  
  103  6:35  Hydralisk x2  
  107  6:40  Hydralisk x2  
  107  6:44  Hydralisk  
  110  6:47  Hydralisk x2  
  110  6:52  Hydralisk x2  
  116  6:55  Hydralisk, Overlord  
  116  7:01  Hydralisk x2  
  118  7:03  Overlord  
  118  7:06  Hydralisk, Roach  
  124  7:10  Overseer  
  124  7:11  Hydralisk x2  
  128  7:16  Muscular Augments  
  128  7:17  Roach  
  128  7:19  Ravager x4  
  128  7:21  Overlord  
  134  7:25  Zergling x10  
  134  7:26  Overseer  
  139  7:34  Roach x2  
  139  7:35  Overlord  
  137  7:39  Roach  
  137  7:40  Roach  
  137  7:42  Roach x3  
  145  7:45  Roach  
  145  7:46  Roach  
  149  7:53  Roach x4  
  149  7:58  Roach x3  
  159  7:59  Overseer  
  159  8:01  Hydralisk  
  159  8:04  Zergling x6  
  145  8:08  Roach x2  
  145  8:09  Hydralisk  
  138  8:14  Hydralisk x2  
  138  8:18  Zergling x6  
  138  8:19  Ravager x2  
  145  8:21  Zergling x2  
  145  8:22  Zergling x2  
  145  8:25  Zergling x4, Ravager  
  150  8:29  Roach x2  
  153  8:34  Ravager  
  153  8:35  Zergling x6  
  153  8:38  Zergling x4  
  153  8:40  Zergling x2  
  153  8:41  Zergling x2  
  145  8:49  Hydralisk  
  145  8:50  Zergling x2, Hydralisk x2  
  145  8:55  Hydralisk x2  
  128  8:58  Roach  
  128  9:01  Roach x2  
  119  9:06  Roach x3  
  119  9:08  Roach  
  126  9:13  Roach x2  
  126  9:14  Roach  
  126  9:19  Hydralisk x2  
  125  9:24  Zergling x10  
  125  9:25  Ravager x2  
  125  9:27  Zergling x2  
  125  9:30  Roach x2  
  137  9:32  Roach  
  139  9:38  Ravager x2  
  139  9:41  Roach x2  
  144  9:48  Roach x6  
  144  9:51  Overseer  
  144  9:52  Roach x2  
  144  9:53  Roach  
  144  9:55  Roach  
  144  9:56  Overseer  
  144  9:58  Roach  
  141  10:00  Roach  
  141  10:02  Hydralisk  
  141  10:05  Hydralisk  
  147  10:07  Hydralisk  
  147  10:08  Zergling x2  
  147  10:10  Roach  
  147  10:14  Roach x2  
  154  10:15  Overlord  
  146  10:22  Hydralisk  
  146  10:23  Zergling x6  
  146  10:24  Infestation Pit  
  146  10:27  Zergling x4  
  133  10:30  Hydralisk x2  
  133  10:32  Drone  
  132  10:37  Drone  
  132  10:39  Hydralisk  
  132  10:41  Hydralisk  
  132  10:43  Evolution Chamber  
  132  10:46  Zergling x4  
  132  10:49  Extractor  
  132  10:50  Drone  
  132  10:53  Drone x2  
  135  10:58  Drone  
  135  11:00  Drone  
  135  11:02  Infestor x2  
  135  11:04  Zergling x2, Hive  
  141  11:06  Drone  
  141  11:07  Drone  
  141  11:08  Drone  
  143  11:11  Zergling x4  
  143  11:16  Hydralisk x2  
  143  11:19  Hydralisk  
  143  11:22  Roach x2  
  143  11:24  Roach  
  146  11:26  Roach  
  146  11:32  Zerg Missile Weapons Level 1  
  143  11:33  Roach x2  
  143  11:38  Hydralisk x2  
  150  11:42  Hydralisk x2  
  150  11:45  Ravager x2  
  155  11:47  Ravager  
  155  11:50  Zergling x10  
  152  11:55  Drone x3  
  152  11:57  Extractor  
  151  12:07  Zergling x8  
  155  12:11  Overlord  
  155  12:15  Hatchery  
  154  12:17  Viper  
  154  12:18  Viper  
  154  12:20  Overlord  
  160  12:24  Overlord  
  160  12:26  Evolution Chamber, Overlord  
  160  12:28  Drone x3  
  157  12:31  Viper  
  157  12:35  Ravager x5  
  155  12:39  Roach  
  155  12:40  Roach  
  160  12:44  Roach  
  160  12:46  Roach  
  160  12:49  Roach x2  
  164  12:54  Roach  
  164  12:58  Roach  
  164  13:01  Roach  
  164  13:02  Roach  
  165  13:08  Roach x2  
  165  13:12  Roach  
  161  13:15  Roach  
  161  13:19  Hydralisk  
Show
View Real Time Build Order
Export as new Build Order

HeroMarine Terran - Winner!

Build Orders: Reaper Expand, Hellion Banshee, Mech 

Get SALT Encoding   

  12  0:00  SCV  
  13  0:12  SCV  
  14  0:17  Supply Depot  
  14  0:24  SCV  
  15  0:38  SCV  
  15  0:39  Barracks  
  16  0:44  Refinery  
  16  0:50  SCV  
  17  1:02  SCV  
  18  1:14  SCV  
  19  1:26  Reaper  
  19  1:27  Orbital Command  
  20  1:39  Command Center  
  20  1:47  Supply Depot  
  20  1:52  SCV  
  21  1:58  Marine  
  22  2:04  SCV  
  23  2:10  Factory  
  23  2:16  SCV  
  23  2:22  Barracks Reactor  
  24  2:29  SCV  
  25  2:37  Command Center  
  25  2:41  SCV  
  26  2:51  Orbital Command  
  26  2:53  SCV  
  27  3:01  Starport  
  27  3:05  SCV  
  28  3:06  Refinery  
  28  3:09  Hellion  
  32  3:13  Hellion  
  32  3:17  SCV  
  32  3:19  SCV  
  34  3:23  Barracks Tech Lab  
  34  3:29  SCV  
  34  3:31  Hellion  
  34  3:32  SCV  
  40  3:34  Hellion  
  40  3:41  SCV  
  40  3:44  SCV  
  40  3:47  Banshee  
  45  3:49  Orbital Command  
  45  3:52  Hellion  
  49  3:55  Hellion  
  49  3:56  Cloaking Field  
  49  3:59  SCV  
  49  4:01  SCV  
  51  4:04  Supply Depot  
  51  4:11  SCV, Marine  
  51  4:13  SCV  
  51  4:16  Hellion  
  58  4:17  Hellion, Refinery  
  58  4:22  SCV  
  58  4:23  SCV  
  60  4:26  SCV  
  60  4:30  Banshee  
  64  4:36  Factory  
  64  4:37  SCV x2  
  66  4:38  SCV  
  66  4:39  Supply Depot  
  66  4:43  Supply Depot  
  67  4:45  Barracks Reactor  
  67  4:49  SCV x2, Refinery  
  69  4:54  Hyperflight Rotors  
  69  5:01  Hellion x2, Supply Depot, SCV x2  
  69  5:03  Supply Depot  
  75  5:13  Banshee, SCV x2  
  80  5:16  Orbital Command  
  80  5:22  Hellion x2  
  80  5:25  Factory, SCV x2  
  86  5:32  Cyclone x2  
  90  5:37  SCV x2  
  90  5:39  Supply Depot  
  92  5:44  SCV  
  92  5:48  Cyclone  
  92  5:49  SCV x2  
  97  5:52  Cyclone  
  97  5:56  SCV  
  100  5:57  Banshee  
  100  6:01  SCV x2  
  101  6:04  Cyclone x2  
  101  6:08  SCV  
  101  6:10  Supply Depot  
  98  6:11  Supply Depot  
  98  6:13  SCV  
  98  6:18  Factory, Refinery x2  
  94  6:20  Factory Tech Lab  
  94  6:21  Factory, Supply Depot  
  94  6:26  SCV x3  
  97  6:34  Cyclone x2  
  97  6:38  SCV x3  
  104  6:40  Banshee, Cyclone  
  109  6:50  SCV  
  110  6:54  SCV x2  
  110  6:56  Command Center  
  112  7:02  SCV  
  112  7:06  SCV  
  112  7:07  Factory Tech Lab, Cyclone x2  
  118  7:08  Factory Tech Lab  
  118  7:09  Hurricane Engines  
  118  7:10  Siege Tank  
  118  7:13  Supply Depot  
  118  7:14  Supply Depot, SCV  
  118  7:16  Hellion  
  118  7:18  Hellion  
  118  7:22  Armory  
  121  7:23  SCV  
  121  7:24  Armory  
  121  7:25  SCV  
  121  7:28  Siege Tank  
  126  7:35  SCV x2  
  128  7:37  SCV  
  128  7:40  Siege Tank  
  128  7:42  Hellion x2  
  128  7:44  Hellion x2  
  140  7:47  SCV  
  140  7:48  Engineering Bay  
  140  7:50  Supply Depot  
  141  7:56  Siege Tank  
  144  8:00  Siege Tank  
  144  8:03  Hellion  
  144  8:04  Hellion  
  132  8:08  Hellion  
  132  8:10  Hellion  
  132  8:12  SCV x3  
  126  8:17  Terran Vehicle And Ship Armor Level 1  
  129  8:24  SCV  
  129  8:25  Hellion x2  
  131  8:29  Siege Tank  
  131  8:30  Hellion  
  131  8:31  Hellion  
  131  8:32  Siege Tank  
  141  8:34  Siege Tank  
  141  8:36  SCV  
  142  8:43  SCV x2  
  142  8:44  SCV  
  142  8:45  Factory  
  142  8:46  Hellion, Factory  
  142  8:47  Hellion  
  145  8:49  Factory  
  145  8:51  Hellion  
  145  8:53  Hellion  
  120  9:01  Siege Tank  
  107  9:04  Hellion  
  107  9:06  Hellion  
  107  9:07  Hellion  
  107  9:08  Hellion  
  111  9:12  Hellion  
  111  9:14  Hellion  
  111  9:16  Infernal Pre-Igniter  
  104  9:26  Hellion  
  104  9:28  Hellion  
  104  9:29  Cyclone, Hellion  
  111  9:32  Cyclone x2  
  111  9:33  Cyclone x2  
  111  9:34  Cyclone  
  111  9:35  Cyclone  
  123  9:39  Supply Depot  
  123  9:47  Siege Tank  
  123  9:49  Cyclone  
  123  9:50  Cyclone  
  97  10:01  Cyclone  
  97  10:04  Cyclone x2  
  97  10:05  Siege Tank, Cyclone  
  97  10:06  Hellion  
  100  10:08  Hellion  
  100  10:11  SCV  
  100  10:12  SCV  
  100  10:13  SCV  
  94  10:19  Hellion  
  94  10:21  Cyclone  
  97  10:22  Cyclone  
  97  10:24  SCV x2  
  97  10:25  SCV  
  97  10:27  Cyclone  
  88  10:29  Hellion  
  88  10:34  Hellion  
  92  10:36  SCV x2  
  92  10:37  Siege Tank, SCV  
  92  10:38  Cyclone  
  105  10:53  Siege Tank  
  109  10:58  Supply Depot  
  109  11:00  Cyclone, Hellion x2, Supply Depot  
  109  11:01  Cyclone  
  109  11:02  Siege Tank  
  114  11:04  Siege Tank  
  114  11:07  Hellion  
  114  11:09  Siege Tank, Supply Depot  
  122  11:15  Hellion  
  116  11:21  Cyclone x2  
  116  11:25  Siege Tank  
  117  11:28  Hellion  
  117  11:32  Cyclone  
  117  11:33  Hellion  
  117  11:34  Hellion  
  117  11:36  Siege Tank  
  117  11:39  Hellion  
  122  11:41  Siege Tank, Hellion  
  121  11:49  Hellion  
  121  11:53  Hellion x2  
  127  11:55  Hellion x2  
  127  11:57  Cyclone  
  133  12:02  Cyclone  
  133  12:04  Cyclone  
  137  12:08  Cyclone  
  137  12:11  Supply Depot x2  
  137  12:13  Siege Tank  
  140  12:16  Siege Tank  
  140  12:18  Hellion  
  140  12:21  Cyclone  
  147  12:23  Cyclone  
  149  12:32  Siege Tank  
  149  12:33  Cyclone  
  149  12:36  Cyclone x2  
  150  12:39  Cyclone  
  152  12:55  Cyclone  
  146  12:58  Cyclone  
  146  12:59  Cyclone  
  146  13:00  Cyclone x2  
  146  13:04  Cyclone  
  146  13:08  Cyclone x3  

Tags
 
Add a new tag
Caveats
  • Supply blocks, unpowered buildings, or Contaminate may cause inaccurate times.
  • Supply counts are checked every 10 seconds.